 Dungeon Crawl Stone Soup version 0.28-a0-8-g6e044cfa68 (webtiles) character file.

Game seed: 10181706933455419290

62 minorukun the Skirmisher (level 4, -5/38 HPs)
             Began as a Formicid Abyssal Knight on July 24, 2021.
             Was a Believer of Lugonu.
             Slain by Sigmund (8 damage)
             ... on level 4 of the Dungeon.
             The game lasted 00:12:45 (1479 turns).

minorukun the Skirmisher (Formicid Abyssal Knight)  Turns: 1479, Time: 00:12:45

Health: -5/38      AC:  3    Str: 17      XL:     4   Next: 28%
Magic:  5/5        EV: 11    Int: 11 (12) God:    Lugonu [**....]
Gold:   53         SH:  0    Dex:  9 (10) Spells: 3/3 levels left

rFire   . . .      SeeInvis +   a - +1 hand axe
rCold   . . .      Faith    .   (no shield)
rNeg    . . .      Spirit   .   b - +0 leather armour
rPois   .          Reflect  .   (helmet unavailable)
rElec   .          Harm     .   (no cloak)
rCorr   .          Rampage  .   (no gloves)
Will    .....                   (no boots)
Stlth   +.........              (no amulet)
HPRegen 0.12/turn               (no ring)
MPRegen 0.09/turn               (no ring)

@: brilliant
A: permanent stasis, dig shafts and tunnels, antennae 3, four strong arms, claws
1, hooves 1, deterioration 1
a: Dig, Shaft Self, Renounce Religion, Depart the Abyss, Bend Space


You were on level 4 of the Dungeon.
You worshipped Lugonu.
Lugonu was pleased with you.
You visited 1 branch of the dungeon, and saw 3 of its levels.
You visited the Abyss 1 time.

You collected 53 gold pieces.

Inventory:

Hand Weapons
 a - a +1 hand axe (weapon)
Missiles
 g - 5 datura-tipped darts (quivered)
Armour
 b - a +0 leather armour (worn)
Scrolls
 d - 2 scrolls of identify {unknown}
 h - 2 scrolls of blinking {unknown}
 j - a scroll of amnesia {unknown}
Potions
 c - 3 potions of curing


   Skills:
 + Level 4.4 Fighting
 + Level 3.2 Axes
 - Level 2.1 Armour
 - Level 0.8 Dodging
 - Level 2.1 Invocations


You had 3 spell levels left.
You didn't know any spells.
Your spell library was empty.

Dungeon Overview and Level Annotations

Branches:
Dungeon (2/15)

Altars:
Nemelex Xobeh
Okawaru
Trog

Annotations:
D:4 Sigmund


Innate Abilities, Weirdness & Mutations

You cannot be hasted, slowed, berserked, paralysed or teleported.
You can dig through walls and to a lower floor.
You have a pair of large antennae on your head. (SInv)
Your four strong arms can wield two-handed weapons with a shield.
You have sharp fingernails.
You have large cloven feet.
Your body sometimes deteriorates upon taking damage.


Message History

Sigmund hits you from afar with a +0 scythe.
Sigmund hits you from afar with a +0 scythe!
You take 8 damage, and have 49/57 hp.
It was a potion of mutation.
You feel extremely strange.
You feel yourself wasting away.
Your fingernails lengthen.
Your feet thicken and deform.
Sigmund hits you but does no damage.
You cannot move.
You cannot move.
You cannot move.
You cannot move.
You cannot move.
Sigmund hits you from afar with a +0 scythe!
Your body deteriorates!
You feel clumsy.
Sigmund hits you from afar with a +0 scythe!
You take 22 damage, and have 28/57 hp.
MASSIVE DAMAGE!!
Sigmund hits you from afar with a +0 scythe.
You take 1 damage, and have 27/57 hp.
Sigmund hits you but does no damage. x2
Sigmund hits you but does no damage. Sigmund hits you but does no damage.
Sigmund hits you from afar with a +0 scythe.
You take 3 damage, and have 24/57 hp.
Sigmund hits you but does no damage.
Okay, then.
Sigmund hits you from afar with a +0 scythe. x2
You take 7 damage, and have 18/57 hp.
You feel less wooden.
Your +0 leather armour unmelds from your body.
Sigmund closely misses you.
You now have 12/38 hp.
You enter a teleport trap!
The teleport trap disappears.
Sigmund closely misses you.
Sigmund hits you from afar with a +0 scythe!
* * * LOW HITPOINT WARNING * * *
Your body deteriorates!
You feel dopey.
You take 9 damage, and have 3/38 hp.
MASSIVE DAMAGE!!
There is an escape hatch in the ceiling here.
Sigmund hits you from afar with a +0 scythe!
You die...

### .. #.####
.#####....#
..........#
#.@..# . #....#
... ###@..#....
##........<.
#.....##....
#.#######.....#
....
#..........(..#
...
#####..##.....#
..
###.###.....#


You could see the neutral Sigmund (fast, strong, insane).

Vanquished Creatures
  A worm (D:2)
  2 dart slugs (D:1)
  4 endoplasms (D:1)
  A giant cockroach (D:1)
  6 goblins
  A hobgoblin (D:1)
  4 jackals (D:1)
  5 kobolds (D:1)
  3 ball pythons (D:1)
  4 bats (D:1)
  2 frilled lizards (D:1)
  3 rats (D:1)
36 creatures vanquished.

Vanquished Creatures (collateral kills)
  An iguana (D:4)
1 creature vanquished.

Vanquished Creatures (others)
  A plant (D:4)
1 creature vanquished.

Grand Total: 38 creatures vanquished

Notes
Turn   | Place    | Note
-------+----------+-------------------------------------------
     0 | Abyss:1  | minorukun the Formicid Abyssal Knight began the quest for
                  | the Orb.
     0 | Abyss:1  | Reached XP level 1. HP: 18/18 MP: 2/2
    58 | D:1      | Escaped the Abyss
   207 | D:1      | Reached XP level 2. HP: 12/24 MP: 3/3
   668 | D:1      | Reached XP level 3. HP: 30/30 MP: 4/4
   810 | D:1      | Reached ** piety under Lugonu
   834 | D:1      | Reached skill level 4 in Fighting
  1448 | D:2      | You fall into a shaft and drop 2 floors!
  1448 | D:4      | Found an iron altar of Okawaru.
  1448 | D:4      | Found a bloodstained altar of Trog.
  1448 | D:4      | Found a sparkling altar of Nemelex Xobeh.
  1448 | D:4      | Noticed Sigmund
  1461 | D:4      | Reached XP level 4. HP: 38/38 MP: 5/5
  1466 | D:4      | Gained mutation: Your body sometimes deteriorates upon
                  | taking damage. [potion of mutation]
  1466 | D:4      | Gained mutation: You have sharp fingernails. [potion of
                  | mutation]
  1466 | D:4      | Gained mutation: You have large cloven feet. [potion of
                  | mutation]
  1479 | D:4      | Slain by Sigmund

Illustrated notes

Levels and vault maps discovered:
D:1:      arrival_zaba_pyramid, layout_basic, chequers_serial_rivers_micro_e,
          minmay_distorted
D:2:      layout_basic, chequers_ecumenical_altar_simple_redux, serial_shops,
          nicolae_shop_trees
D:4:      layout_basic, grunt_temple_overflow_lords_of_destruction,
          gammafunk_temple_overflow_forgotten, temple_doors_e,
          chequers_serial_rivers_large_a, mrwooster_statue_mirror, uniq_sigmund

Skill      XL: |  1  2  3 |
---------------+----------+-----
Fighting       | 4 |  4.4
Axes           | 3 |  3.2
Armour         | |  2.1
Dodging        | |  0.8
Invocations    | |  2.1

Action                   |  1- 3 |  4- 6 || total
-------------------------+-------+-------++-------
Melee: Hand axe          |    88 |       ||    88
Throw: Dart              |     1 |       ||     1
 Abil: Dig               |     5 |       ||     5
       Shaft Self        |     1 |       ||     1
  Use: Potion            |     1 |     4 ||     5
Armor: Leather armour    |    26 |       ||    26
       Skin              |       |    12 ||    12
Dodge: Dodged            |    45 |     2 ||    47

Table legend: (Time is in decaauts)
 A = Elapsed time spent in this place.
 B = Non-inter-level travel time spent in this place.
 C = Inter-level travel time spent in this place.
 D = Time resting spent in this place.
 E = Time spent auto-exploring this place.
 F = Levels seen in this place.
 G = Mean time per level.
                   A        B        C        D        E       F      G
               +--------+--------+--------+--------+--------+-----+--------+
         Total |   1495 |   1482 |     13 |    480 |    357 |   4 |  373.8 |
       Dungeon |   1437 |   1424 |     13 |    480 |    357 |   3 |  479.0 |
         Abyss |     58 |     58 |      0 |      0 |      0 |   1 |   58.0 |
               +--------+--------+--------+--------+--------+-----+--------+

Top non-repeatable levels by time:
     D:1: 1284 daAuts
     D:2: 121 daAuts
 Abyss:1: 58 daAuts
     D:4: 31 daAuts
